 Dungeon Crawl Stone Soup version 0.21.1-1-g345015f (webtiles) character file.

1201 wilfster70 the Slinger (level 8, -2/49 HPs)
             Began as a Halfling Warper on May 25, 2018.
             Was a Believer of Okawaru.
             Slain by a wight
             ... wielding a +0 scimitar
              (6 damage)
             ... on level 6 of the Dungeon.
             The game lasted 00:33:56 (8530 turns).

wilfster70 the Slinger (Halfling Warper)            Turns: 8530, Time: 00:33:56

Health: -2/49      AC: 11    Str: 12    XL:     8   Next: 72%
Magic:  11/11      EV: 15    Int: 13    God:    Okawaru [**....]
Gold:   279        SH:  4    Dex: 14    Spells: 7/11 levels left

rFire    . . .     SeeInvis .   a - +4 dagger
rCold    . . .     Gourm    .   (shield restricted)
rNeg     . . .     Faith    .   n - +1 leather armour
rPois    .         Spirit   .   q - +2 hat
rElec    .         Reflect  +   x - +0 cloak
rCorr    .         Harm     .   (no gloves)
MR       .....                  (no boots)
Stlth    +.........             i - +4 amulet of reflection
HPRegen  0.16/turn              w - +4 ring of protection
MPRegen  0.12/turn              (no ring)

@: drained
A: small, mutation resistance 1
a: Heroism, Renounce Religion


You were on level 6 of the Dungeon.
You worshipped Okawaru.
Okawaru was pleased with you.
You were hungry.

You visited 2 branches of the dungeon, and saw 7 of its levels.

You collected 279 gold pieces.

Inventory:

Hand Weapons
 a - a +4 dagger (weapon)
 b - a +0 hunting sling
Missiles
 j - 131 stones (quivered)
Armour
 n - a +1 leather armour (worn)
 q - a +2 hat (worn)
 x - a +0 cloak (worn)
Jewellery
 i - a +4 amulet of reflection (around neck)
 w - a +4 ring of protection (left hand)
Wands
 u - a wand of polymorph (8)
 z - a wand of disintegration (12)
Scrolls
 d - 2 scrolls of blinking
 e - a scroll of teleportation
 l - 3 scrolls of remove curse
 m - 3 scrolls of immolation
 p - a scroll of magic mapping
 y - a scroll of identify
Potions
 g - 3 potions of curing
 h - 2 potions of invisibility {unknown}
 k - 4 potions of heal wounds {unknown}
 o - a potion of might {unknown}
 r - a potion of degeneration {unknown}
 s - a potion of resistance {unknown}
 t - 2 potions of agility
 v - 2 potions of flight
 A - a potion of mutation {unknown}
 C - a potion of lignification {unknown}
Books
 c - a book of Spatial Translocations

   Spells                             Type                      Level
   a - Blink                          Translocation                2
   b - Shroud of Golubria             Charms/Translocation         2
   c - Lesser Beckoning               Translocation                3
   d - Gell's Gravitas                Translocation                3
   e - Teleport Other                 Translocation                3
   f - Passage of Golubria            Translocation                4
Comestibles
 f - 10 rations
 B - 2 chunks of flesh


   Skills:
 - Level 1.7(0.9) Fighting
 - Level 4.0(3.0) Short Blades
 * Level 9.9(8.9) Slings
 - Level 1.0(3.4) Throwing
 + Level 4.3(3.4) Armour
 - Level 3.5(2.6) Dodging
 - Level 2.0(1.1) Spellcasting
 - Level 2.0(1.2) Charms
 - Level 4.1(3.1) Translocations
 - Level 2.0(1.1) Invocations


You had 7 spell levels left.
You knew the following spells:

 Your Spells              Type           Power        Failure   Level  Hunger
a - Blink                 Tloc           N/A          14%         2    ###....
g - Shroud of Golubria    Chrm/Tloc      #.........   22%         2    ###....


Dungeon Overview and Level Annotations

Branches:
Dungeon (6/15)             Temple (1/1) D:5

Altars:
Kikubaaqudgha
Okawaru
Ru
Zin

Annotations:
D:3 empire's ghost, amateur MiFi


Innate Abilities, Weirdness & Mutations

You are small and have problems with some larger weapons.
You are somewhat resistant to further mutation.


Message History

The wight is heavily damaged.
You block the wight's attack.
You hit the wight.
The wight is heavily damaged.
The wight hits you with a scimitar.
* * * LOW HITPOINT WARNING * * *
You feel drained.
* * * LOW HITPOINT WARNING * * *
You hit the wight.
The wight is heavily damaged.
You hit the wight but do no damage.
The wight is heavily damaged.
The wight hits you with a scimitar!
* * * LOW HITPOINT WARNING * * *
You feel drained.
* * * LOW HITPOINT WARNING * * *
You hit the wight.
The wight is severely damaged.
The wight hits you with a scimitar.
You die...

### ########.############
#..z@....#...........
#.######.#.########## #.#
#...# #....... #######>#
#######.######
#.......########.....# #...
#......z.............# #...
#....................###...
#......z...................
#.........................#


You could see a wight.

Vanquished Creatures
  An ogre (D:4)
  A centaur (D:6)
  A water moccasin zombie (D:5)
  2 scorpions
  A water moccasin skeleton (D:4)
  3 wights
  A howler monkey (D:6)
  A bullfrog zombie (D:6)
  3 crimson imps
  5 hounds
  A bullfrog skeleton (D:5)
  A centaur zombie (D:5)
  An orc priest (D:6)
  2 orc wizards
  A worker ant (D:4)
  2 adders
  A shadow imp (D:5)
  2 oozes (D:3)
  6 worms
  A dart slug (D:5)
  7 leopard geckos
  8 orcs
  5 giant cockroaches
  8 goblins
  5 hobgoblins
  9 jackals
  7 kobolds
  6 bats
  3 frilled lizards
  A leopard gecko skeleton (D:5)
  7 rats
103 creatures vanquished.

Vanquished Creatures (others)
  A centaur (D:6)
1 creature vanquished.

Grand Total: 104 creatures vanquished

Notes
Turn   | Place    | Note
-------+----------+-------------------------------------------
     0 | D:1      | wilfster70 the Halfling Warper began the quest for the Orb.
     0 | D:1      | Reached XP level 1. HP: 14/14 MP: 3/3
   316 | D:1      | Reached XP level 2. HP: 11/19 MP: 4/4
   688 | D:1      | Learned a level 2 spell: Blink
   691 | D:1      | Learned a level 2 spell: Shroud of Golubria
  1044 | D:1      | Reached XP level 3. HP: 12/24 MP: 5/5
  2462 | D:2      | Reached skill level 1 in Slings
  2534 | D:2      | Reached XP level 4. HP: 29/29 MP: 6/6
  2630 | D:2      | Found a sacrificial altar of Ru.
  2947 | D:3      | Found an iron altar of Okawaru.
  2953 | D:3      | Became a worshipper of Warmaster Okawaru
  2975 | D:3      | Noticed empire's ghost (amateur MiFi)
  3068 | D:3      | Reached skill level 1 in Charms
  3559 | D:4      | Reached skill level 2 in Slings
  3737 | D:4      | Reached XP level 5. HP: 28/34 MP: 6/8
  3889 | D:5      | Entered Level 5 of the Dungeon
  4386 | D:4      | Reached skill level 3 in Slings
  5127 | D:4      | Reached XP level 6. HP: 33/39 MP: 9/9
  5295 | D:4      | Reached skill level 4 in Slings
  5451 | D:4      | Reached skill level 1 in Invocations
  5796 | D:5      | Found a staircase to the Ecumenical Temple.
  5805 | Temple   | Entered the Ecumenical Temple
  5851 | D:5      | Reached * piety under Okawaru
  5851 | D:5      | Reached skill level 5 in Slings
  6050 | D:5      | Reached XP level 7. HP: 44/44 MP: 10/10
  6578 | D:4      | Reached skill level 6 in Slings
  6885 | D:5      | Reached skill level 7 in Slings
  7576 | D:6      | Reached XP level 8. HP: 47/49 MP: 11/11
  7664 | D:6      | Reached ** piety under Okawaru
  7664 | D:6      | Reached skill level 8 in Slings
  8182 | D:6      | Reached skill level 9 in Slings
  8530 | D:6      | Slain by a wight

Skill      XL: |  1  2  3  4  5  6  7  8 |
---------------+-------------------------+-----
Short Blades   | 3 4 |  4.0
Slings         | 1 2 3 5 7 9 |  9.9
Charms         | 1 2 |  2.0
Spellcasting   | 2 |  2.0
Translocations | 4 |  4.1
Dodging        | 3 |  3.5
Invocations    | 1 2 |  2.0
Armour         | 2 4 |  4.3
Fighting       | |  1.7
Throwing       | |  1.0

Action                   |  1- 3 |  4- 6 |  7- 9 || total
-------------------------+-------+-------+-------++-------
Melee: Short sword       |    35 |       |       ||    35
       Dagger            |   169 |   460 |   263 ||   892
 Fire: Hunting sling     |    15 |    53 |   154 ||   222
Throw: Tomahawk          |     1 |     4 |       ||     5
 Cast: Shroud of Golubri |     1 |       |       ||     1
       Blink             |       |    14 |    15 ||    29
  Use: Scroll            |     2 |     9 |       ||    11
       Potion            |       |     1 |       ||     1
 Stab: Sleeping          |     1 |     1 |       ||     2
  Eat: Chunk             |     5 |    13 |     2 ||    20
       Ration            |       |       |     2 ||     2
Armor: Leather armour    |    47 |   135 |    77 ||   259
Dodge: Dodged            |   123 |   332 |   182 ||   637
Block: Other             |       |    51 |    50 ||   101
       Reflection        |       |       |     2 ||     2
